 Dungeon Crawl Stone Soup version 0.20-a0-433-g9e36e56 (webtiles) character file.

7 Kriby the Magician (level 1, 0/14 HPs)
             Began as a Mummy Fire Elementalist on Jan 4, 2017.
             Slain by a jackal (1 damage)
             ... on level 1 of the Dungeon.
             The game lasted 00:00:39 (410 turns).

Kriby the Magician (Mummy Fire Elementalist)         Turns: 410, Time: 00:00:40

Health: 0/14       AC:  2    Str: 11    XL:     1   Next: 91%
Magic:  3/4        EV:  7    Int: 14    God:
Gold:   16         SH:  9    Dex: 12    Spells: 4/5 levels left

rFire  x . .     SeeInvis .     d - -3 dagger (curse)
rCold  + . .     Gourm    .     a - +0 robe
rNeg   + + +     Faith    .     g - +0 large shield
rPois  ∞         Spirit   .     (no helmet)
rElec  .         Reflect  .     (no cloak)
rCorr  .         Harm     .     (no gloves)
MR     .....                    (no boots)
Stlth  ++........               (no amulet)
                                (no ring)
                                (no ring)

@: very slightly contaminated
A: no food or potions, fire vulnerability, cold resistance 1, negative energy
resistance 3, torment resistance, unbreathing
a: no special abilities


You were on level 1 of the Dungeon.
You were not hungry.

You visited 1 branch of the dungeon, and saw 1 of its levels.

You collected 16 gold pieces.

Inventory:

Hand Weapons
 d - a cursed -3 dagger (weapon)
Armour
 a - a +0 robe (worn)
 g - a +0 large shield (worn)
Scrolls
 c - 3 scrolls of fear {unknown}
 e - a scroll of noise {unknown}
 f - a scroll of remove curse {unknown}
 h - a scroll of random uselessness {unknown}
Books
 b - a book of Flames

   Spells                             Type                      Level
   a - Flame Tongue                   Conjuration/Fire             1
   b - Throw Flame                    Conjuration/Fire             2
   c - Conjure Flame                  Conjuration/Fire             3
   d - Inner Flame                    Hexes/Fire                   3
   e - Sticky Flame                   Conjuration/Fire             4
   f - Fireball                       Conjuration/Fire             5


   Skills:
 * Level 0.4 Fighting
 + Level 0.1 Armour
 - Level 1.5 Dodging
 - Level 1.5 Stealth
 + Level 0.0 Shields
 - Level 2.8 Spellcasting
 - Level 1.0 Conjurations
 - Level 2.5 Fire Magic


You had 4 spell levels left.
You knew the following spells:

 Your Spells              Type           Power        Failure   Level  Hunger
a - Flame Tongue          Conj/Fire      #....        100%        1    N/A

Dungeon Overview and Level Annotations

Branches:
Dungeon (1/15)

Altars:


Innate Abilities, Weirdness & Mutations

You do not eat or drink.
Your flesh is vulnerable to fire.
You are immune to poison.
Your flesh is cold resistant. (rC+)
You are immune to negative energy. (rN+++)
You are immune to unholy pain and torment.
You can survive without breathing.


Message History

The jackal barely misses you. You block the jackal's attack.
You hit the jackal.
The jackal is almost dead.
The jackal barely misses you.
You closely miss the jackal.
The jackal is almost dead.
The jackal barely misses you.
You hit the jackal.
You kill the jackal!
You block the jackal's attack.
You hit the jackal but do no damage. The jackal bites you.
* * * LOW HITPOINT WARNING * * *
You block the jackal's attack.
A ball python comes into view.
You completely miss the jackal.
The ball python hisses angrily.
You block the jackal's attack. The jackal closely misses you.
You hit the jackal but do no damage. The jackal bites you.
You die...

####..............######.
...........###.#..#
###......#####.#..#
###............#..#
.........#######..#
###.###.########..# #
#........>..!...#
#################.#####.
....... #.hh@$.......
####### #h###.##.##.#
...!... #.. ..# # .######


Sh.. ### .# ###.h .# #.. .# #.. .#######.# #.. .......... You could see 3
jackals.

Vanquished Creatures
  A jackal (D:1)
  A frilled lizard (D:1)
  3 goblins (D:1)
  A kobold (D:1)
  2 rats (D:1)
8 creatures vanquished.

Notes
Turn   | Place    | Note
-------+----------+-------------------------------------------
     0 | D:1      | Kriby the Mummy Fire Elementalist began the quest for the Orb.
     0 | D:1      | Reached XP level 1. HP: 13/13 MP: 4/4
    87 | D:1      | Reached skill level 1 in Conjurations
   410 | D:1      | Slain by a jackal

Vault maps used:
D:1:      minmay_arrival_diagonal_passages

Skill      XL: |  1 |
---------------+----+-----
Conjurations   | 1 |  1.0
Fighting       | |  0.4
Armour         | |  0.1
Dodging        | |  1.5
Stealth        | |  1.5
Spellcasting   | |  2.8
Fire Magic     | |  2.5

Action                   || total
-------------------------++-------
Melee: Dagger            ||    18
       Unarmed           ||     1
 Cast: Flame Tongue      ||     8
 Stab: Sleeping          ||     1
Armor: Robe              ||     6
Dodge: Dodged            ||     9
Block: Large shield      ||    10
